 Seeded DCSS version 0.31-a0-1237-gabc64e778c (webtiles) character file.

Game seed: 3878631621999772145 (custom seed)

172 timneilson the Shield-Bearer (level 5, -6/33 HPs)
             Began as a Gargoyle Fighter on Dec 16, 2023.
             Killed by divine providence
             ... invoked by an orc priest
              (14 damage)
             ... on level 4 of the Dungeon.
             The game lasted 00:04:27 (2239 turns).

timneilson the Shield-Bearer (Gargoyle Fighter)     Turns: 2239, Time: 00:04:28

Health: -6/33      AC: 16    Str: 19    XL:     5   Next: 53%
Magic:  5/5        EV:  9    Int:  9    God:
Gold:   154        SH:  5    Dex: 17    Spells: 4/4 levels left

rFire   . . .        a - +0 long sword
rCold   + . .        c - +0 buckler
rNeg    + . .        b - +0 scale mail
rPois   ∞            (no helmet)
rElec   +            g - +0 cloak
rCorr   .            (no gloves)
SInv    .            l - +3 pair of mountain boots {steadfast, rC+}
Will    .....        (no amulet) Stlth
                     e - +6 ring of dexterity
HPRegen 0.25/turn    (no ring)
MPRegen 0.09/turn

%: no passive effects
@: mighty, studying Shields
A: sickness immunity, AC +4, negative energy resistance 1, electricity
resistance, torment resistance 1, petrification resistance
a: no special abilities


You were on level 4 of the Dungeon.
You visited 1 branch of the dungeon, and saw 4 of its levels.

You collected 154 gold pieces.

Inventory:

Hand Weapons
 a - a +0 long sword (weapon)
Armour
 b - a +0 scale mail (worn)
 c - a +0 buckler (worn)
 g - a +0 cloak (worn)
 l - the +3 pair of mountain boots (worn) {steadfast, rC+}
   (You acquired it on level 3 of the Dungeon)

   Steadfast: It prevents involuntary movement, except for blinking,
   teleportation, or banishment.
   rC+:       It protects you from cold.
 n - a +0 plate armour
 q - a +0 pair of boots
Jewellery
 e - a +6 ring of dexterity (left hand)
Scrolls
 f - 2 scrolls of fog
 o - a scroll of identify
Potions
 h - a potion of resistance
 i - 2 potions of mutation
 j - a potion of haste
 k - a potion of brilliance
 m - 4 potions of attraction
 p - a potion of ambrosia
 r - a potion of heal wounds
 t - a potion of degeneration {unknown}


   Skills:
 + Level 3.8 Fighting
 * Level 3.0 Long Blades
 * Level 4.3 Armour
 + Level 1.1 Dodging
 * Level 4.5 Shields


You had 4 spell levels left.
You didn't know any spells.
Your spell library contained the following spells:

 Spells                   Type           Power      Damage    Failure   Level
 Foxfire                  Conj/Fire      0%         2x1d4     82%         1
 Hailstorm                Conj/Ice       0%         3d5       99%         3
 Anguish                  Hex/Necr       0%         N/A       100%        4
 Summon Ice Beast         Ice/Summ       0%         N/A       100%        4
 Summon Forest            Summ/Tloc      0%         N/A       100%        5
 Plasma Beam              Fire/Air       0%         2x1d10    100%        6
 Simulacrum               Ice/Necr       0%         N/A       100%        6
 Starburst                Conj/Fire      0%         6d3       100%        6


Dungeon Overview and Level Annotations

Branches:
Dungeon (4/15)
 Temple: D:4-7

Altars:
Wu Jian


Innate Abilities, Weirdness & Mutations

You are immune to sickness and miasma.
Your stone body is resilient. (AC +4)
You are immune to poison.
You resist negative energy. (rN+)
You are resistant to electric shocks. (rElec)
You are resistant to unholy torment.
You are immune to petrification.


Message History

The orc priest calls down the wrath of Beogh upon you.
Beogh smites you! You block the orc's attack.
The orc priest hits you but does no damage.
You block the orc priest's attack. The orc hits you but does no damage.
The orc priest hits you but does no damage.
You closely miss the orc priest.
The orc priest is heavily wounded.
You block the orc priest's attack. The orc completely misses you.
The orc priest hits you but does no damage.
You closely miss the orc priest.
The orc priest is heavily wounded.
The orc priest calls down the wrath of Beogh upon you.
Beogh smites you! The orc hits you with a +0 short sword.
* * * LOW HITPOINT WARNING * * *
You block the orc priest's attack. x2; The orc barely misses you.
You closely miss the orc priest.
The orc priest is heavily wounded.
The orc priest closely misses you. The orc priest barely misses you.
You block the orc's attack. The orc priest barely misses you.
Unknown command.
You feel very mighty all of a sudden.
The orc priest begins to cast a cantrip, but forgets the words!
You block the orc's attack.
The orc priest hits you but does no damage.
You slash the orc priest!
You kill the orc priest!
The orc closely misses you. The orc priest barely misses you.
Your Long Blades skill increases to level 3!
You slash the orc priest!
The orc priest is severely wounded.
The orc hits you with a +0 short sword.
* * * LOW HITPOINT WARNING * * *
The orc priest hits you but does no damage.
You hit the orc priest.
The orc priest is almost dead.
The orc hits you with a +0 short sword.
* * * LOW HITPOINT WARNING * * *
The orc priest mumbles some strange prayers to Beogh against you.
Beogh smites you!
You die...

......# #.....#
......# #.....#
......#+####.....#
#####.......)....#
#............##+####
#............!......
#...................
#.............$.....
#..........o@)......
##+##########o......
....... .......
....$.. .......
....... #######


You could see an orc priest and an orc.

Vanquished Creatures
  An orc priest (D:4)
  A jelly (D:4)
  4 adders
  2 ufetubi (D:3)
  3 worms
  An orc (D:3)
  6 ball pythons
  7 bats
  6 endoplasms
  2 giant cockroaches (D:3)
  4 goblins
  5 hobgoblins
  2 jackals (D:2)
  2 kobolds
  4 quokkas
  A frilled lizard (D:1)
  6 rats
57 creatures vanquished.

Notes
Turn   | Place    | Note
-------+----------+-------------------------------------------
     0 | D:1      | timneilson the Gargoyle Fighter began the quest for the
                  | Orb.
     0 | D:1      | Reached XP level 1. HP: 14/14 MP: 1/1
   247 | D:1      | Reached XP level 2. HP: 10/19 MP: 2/2
   353 | D:1      | Got Niegh's Catalogue of Transposition and Obstruction
  1110 | D:2      | Reached XP level 3. HP: 10/23 MP: 3/3
  1397 | D:2      | Reached XP level 4. HP: 28/28 MP: 4/4
  1994 | D:3      | Found an ornate altar of the Wu Jian Council.
  2110 | D:3      | Identified 2 scrolls of acquirement
  2110 | D:3      | Acquired a manual of Shields
  2112 | D:3      | Acquired the +3 pair of mountain boots {steadfast, rC+}
  2112 | D:3      | Found the +3 pair of mountain boots {steadfast, rC+}
  2201 | D:4      | Reached skill level 1 in Dodging
  2201 | D:4      | Reached XP level 5. HP: 31/33 MP: 5/5
  2239 | D:4      | Killed from afar by an orc priest

Illustrated notes

Levels and vault maps discovered:
D:1:      dpeg_arrival_boxes_within_box, layout_loops_corners, st_stairs_7
D:2:      layout_basic
D:3:      layout_rooms, nzn_wu_jian_council_hall
D:4:      layout_gridville, temple_hall

Skill      XL: |  1  2  3  4  5 |
---------------+----------------+-----
Long Blades    | 2 3 |  3.0
Shields        | 4 |  4.5
Armour         | 4 |  4.3
Dodging        | 1 |  1.1
Fighting       | |  3.8

Action                     |  1- 3 |  4- 6 || total
---------------------------+-------+-------++-------
  Melee: Long sword        |    95 |    73 ||   168
    Use: Scroll            |       |    13 ||    13
         Potion            |       |     1 ||     1
 Armour: Scale mail        |    90 |    45 ||   135
  Dodge: Dodged            |    69 |    35 ||   104
  Block: Buckler           |    35 |    30 ||    65

Table legend: (Time is in decaauts)
 A = Elapsed time spent in this place.
 B = Non-inter-level travel time spent in this place.
 C = Inter-level travel time spent in this place.
 D = Time resting spent in this place.
 E = Time spent auto-exploring this place.
 F = Levels seen in this place.
 G = Mean time per level.
                   A        B        C        D        E       F      G
               +--------+--------+--------+--------+--------+-----+--------+
         Total |   2290 |   2138 |    152 |     53 |   1562 |   4 |  572.5 |
       Dungeon |   2290 |   2138 |    152 |     53 |   1562 |   4 |  572.5 |
               +--------+--------+--------+--------+--------+-----+--------+

Top non-repeatable levels by time:
     D:1: 1070 daAuts
     D:2: 633 daAuts
     D:3: 500 daAuts
     D:4: 86 daAuts
